 Dungeon Crawl Stone Soup version 0.19-a0-1341-g3513869 (webtiles) character file.

1572 Amnesiac the Cleaver (level 8, -4/73 HPs)
             Began as a Hill Orc Monk on Sept 1, 2016.
             Was a Believer of Kikubaaqudgha.
             Slain by a killer bee (5 damage)
             ... on level 7 of the Dungeon.
             The game lasted 00:12:17 (7148 turns).

Amnesiac the Cleaver (Hill Orc Monk)                Turns: 7148, Time: 00:12:18

Health: -4/73      AC:  6    Str: 16    XL:     8   Next: 90%
Magic:  10/10      EV:  7    Int: 12    God:    Kikubaaqudgha [**....]
Gold:   322        SH:  0    Dex: 13    Spells: 0 memorised, 10 levels left

rFire  + . .     SeeInvis +     s - +0 scythe (venom)
rCold  . . .     Gourm    .     j - +1 chain mail {rF+}
rNeg   . . .     Faith    .     (shield currently unavailable)
rPois  .         Spirit   .     (no helmet)
rElec  .         Dismiss  .     u - +0 cloak
rCorr  .         Reflect  .     (no gloves)
MR     .....     Harm     .     (no boots)
Stlth  ..........               (no amulet)
                                (no ring)
                                w - ring of see invisible

@: lethally poisoned (-4 -> -6), drained
A: deformed body, strong 1, MP-powered wands
a: Receive Corpses, Renounce Religion


You were on level 7 of the Dungeon.
You worshipped Kikubaaqudgha.
Kikubaaqudgha was pleased with you.
You were hungry.

You visited 2 branches of the dungeon, and saw 8 of its levels.
You also visited: Sewer.

You collected 322 gold pieces.

Inventory:

Hand Weapons
 a - a +0 hand axe
 b - a +4 blowgun
 s - a +0 scythe of venom (weapon)
 B - a +0 spear of piercing
Missiles
 e - 23 poisoned needles
Armour
 j - a +1 chain mail of fire resistance (worn)
 q - a troll hide {Purgy}
 u - a +0 cloak (worn)
Jewellery
 w - a ring of see invisible (left hand)
Wands
 l - a wand of flame (20/48)
 t - a wand of digging (12/24)
 A - a wand of digging (4/24)
Scrolls
 f - 4 scrolls of identify
 i - 4 scrolls of teleportation
 p - 4 scrolls of remove curse
 y - a scroll of fear
Potions
 h - 2 potions of brilliance
 o - a potion of cure mutation
 v - 3 potions of haste
 D - a potion of might {unknown}
Books
 r - Kikubaaqudgha's Handbook of Necromancy
   (Kikubaaqudgha gifted it to you in the Ecumenical Temple)

   Spells                             Type                      Level
   a - Pain                           Necromancy                   1
   b - Corpse Rot                     Necromancy                   2
   c - Sublimation of Blood           Necromancy                   2
   d - Regeneration                   Charms/Necromancy            3
   e - Control Undead                 Necromancy                   4
Comestibles
 c - 4 bread rations
 d - a meat ration
 k - 4 beef jerkies


   Skills:
 - Level 7.0(6.4) Fighting
 - Level 10.2(9.5) Axes
 - Level 2.4(1.8) Dodging
 - Level 1.5(1.0) Stealth
 + Level 1.9(1.4) Spellcasting
 * Level 5.3(4.7) Necromancy


You had 10 spell levels left.
You didn't know any spells.

Dungeon Overview and Level Annotations

Branches:
Dungeon (7/15)             Temple (1/1) D:4

Altars:
Ashenzari
Cheibriados
Dithmenos
Elyvilon
Fedhas
Gozag
Hepliaklqana
Kikubaaqudgha
Makhleb
Nemelex Xobeh
Okawaru
Qazlal
Ru
Sif Muna
Trog
Uskayaw
Vehumet
Xom
Yredelemnul
Zin
The Shining One

Shops:
D:5 :   D:7 %

Annotations:
D:5 CypherZel's ghost, novice VSCj


Innate Abilities, Weirdness & Mutations

Armour fits poorly on your strangely shaped body.
Your muscles are strong. (Str +2)
You expend magic power (3 MP) to strengthen your wands.


Message History

The adder bites you.
* * * LOW HITPOINT WARNING * * *
The killer bee completely misses you.
Unknown command.
It was a potion of mutation.
You feel extremely strange.
Your body twists and deforms.
You feel your magical essence link to your wands.
You feel stronger.
You feel sick. The killer bee stings you.
* * * LOW HITPOINT WARNING * * *
The adder bites you but does no damage. The killer bee closely misses you.
It was a potion of cancellation.
Your magical effects are unravelling.
You feel magically purged.
You feel a little less agile now.
You are feeling hungry.
* * * LOW HITPOINT WARNING * * *
You feel sick. The killer bee stings you.
You die...
Kikubaaqudgha rasps: "You have failed me!
Welcome... death!"

..... .. .... ..# ...#
#.#.## .#. #.#.... #..
###.######.#.#... #..
#...FS@y.#.#.##....###.
#.#.####.#.#.##....#..#
#....#......#....
#.$...#...##.....
#.###.#.......... #.
#(#...###.###
#.###.>...'......
#.........#######
######....#######


You could see a giant frog, a killer bee and an adder.

Vanquished Creatures
  Sigmund (D:2)
  Edmund (D:6)
  3 ice beasts
  Purgy (Sewer)
  A sky beast (D:5)
  An ogre (D:7)
  A scorpion (D:5)
  A howler monkey (D:4)
  2 wights (D:7)
  A centaur zombie (D:5)
  A giant frog zombie (D:5)
  3 jellies
  A hound (D:5)
  A centaur skeleton (D:5)
  An orc priest (D:3)
  2 giant frog skeletons (D:5)
  2 orc wizards (D:4)
  A worker ant (D:5)
  A hound skeleton (D:5)
  A hound zombie (D:5)
  A howler monkey zombie (D:5)
  A worker ant zombie (D:5)
  3 gnolls (D:6)
  3 adders
  A shadow imp (D:7)
  An ooze (D:4)
  An adder skeleton (D:5)
  5 worms
  3 giant geckos
  11 orcs
  4 giant cockroaches
  5 goblins
  9 hobgoblins
  An iguana (D:2)
  9 jackals
  9 kobolds
  2 quokkas
  2 ball pythons
  13 bats
  A giant gecko skeleton (D:4)
  7 giant newts
  A jackal zombie (D:5)
  8 rats
128 creatures vanquished.

Notes
Turn   | Place    | Note
-------+----------+-------------------------------------------
     0 | D:1      | Amnesiac the Hill Orc Monk began the quest for the Orb.
     0 | D:1      | Reached XP level 1. HP: 19/19 MP: 1/1
   277 | D:1      | Reached XP level 2. HP: 23/27 MP: 2/2
   653 | D:1      | Reached XP level 3. HP: 33/33 MP: 3/3
   913 | D:2      | Reached skill level 5 in Axes
   995 | D:2      | Reached XP level 4. HP: 21/41 MP: 4/4
  1334 | D:2      | Noticed Sigmund
  1380 | D:4      | Reached skill level 5 in Fighting
  1380 | D:4      | Reached skill level 6 in Axes
  1538 | D:3      | Reached XP level 5. HP: 30/48 MP: 5/5
  2050 | D:3      | Found a glowing drain.
  2059 | Sewer    | Entered a sewer
  2123 | Sewer    | Noticed Purgy
  2178 | Sewer    | Killed Purgy
  2178 | Sewer    | Reached skill level 7 in Axes
  2178 | Sewer    | Reached XP level 6. HP: 33/57 MP: 6/6
  2695 | D:4      | Found a staircase to the Ecumenical Temple.
  2724 | Temple   | Entered the Ecumenical Temple
  2784 | Temple   | Became a worshipper of Kikubaaqudgha
  2784 | Temple   | Reached * piety under Kikubaaqudgha
  2784 | Temple   | Identified Kikubaaqudgha's Handbook of Necromancy (Kikubaaqudgha gifted it to you in the Ecumenical Temple)
  2784 | Temple   | Received a gift from Kikubaaqudgha
  2784 | Temple   | Reached ** piety under Kikubaaqudgha
  3343 | D:2      | Found a shimmering altar of Xom.
  3573 | D:2      | Reached skill level 1 in Necromancy
  3871 | D:2      | Killed Sigmund
  3871 | D:2      | Reached XP level 7. HP: 66/66 MP: 7/7
  4700 | D:4      | Reached skill level 8 in Axes
  4798 | D:5      | Entered Level 5 of the Dungeon
  4863 | D:5      | Reached skill level 9 in Axes
  5301 | D:5      | Reached XP level 8. HP: 58/73 MP: 8/8
  5347 | D:5      | Found Foukhlui's Book Shop.
  5380 | D:5      | Noticed CypherZel's ghost (novice VSCj)
  5400 | D:5      | Reached skill level 10 in Axes
  5738 | D:6      | Reached skill level 1 in Spellcasting
  5890 | D:6      | Noticed Edmund
  5893 | D:6      | Killed Edmund
  6695 | D:7      | Reached skill level 5 in Necromancy
  6714 | D:7      | Found Ipnus's Food Boutique.
  7147 | D:7      | Gained mutation: Armour fits poorly on your strangely shaped body. [potion of mutation]
  7147 | D:7      | Gained mutation: You expend magic power (3 MP) to strengthen your wands. [potion of mutation]
  7147 | D:7      | Gained mutation: Your muscles are strong. (Str +2) [potion of mutation]
  7147 | D:7      | HP: 2/73 [killer bee (5)]
  7148 | D:7      | Slain by a killer bee

Vault maps used:
D:1:      lordsloth_arrival_two_stooges
D:2:      dk_xom_monty_hall, uniq_sigmund
D:3:      portal_sewer_entry_d
D:5:      serial_undead, serial_undead_b, serial_undead_c, serial_undead_f,
          serial_undead_d, serial_undead_b, serial_undead_e, serial_undead_e,
          first_bread, serial_shops, shop
D:6:      uniq_edmund
D:7:      serial_glass, glass_columns_c, glass_columns_c, glass_columns_b,
          glass_columns_c, glass_columns_c, glass_columns_a, serial_shops,
          kennysheep_mini_moat, minmay_misc_feat_chi
Temple:   dpeg_three_leaves_temple
Sewer:    sewer_big_baddie

Skill      XL: |  1  2  3  4  5  6  7  8 |
---------------+-------------------------+-----
Fighting       | 4 5 7 |  7.0
Axes           | 5 6 7 9 10 | 10.2
Necromancy     | 1 5 |  5.3
Spellcasting   | 1 |  1.9
Dodging        | |  2.4
Stealth        | |  1.5

Action                   |  1- 3 |  4- 6 |  7- 9 || total
-------------------------+-------+-------+-------++-------
Melee: Hand axe          |    92 |   279 |       ||   371
       Scythe            |       |       |   229 ||   229
 Fire: Blowgun           |       |     3 |     1 ||     4
  Use: Scroll            |       |     6 |     5 ||    11
       Potion            |       |     2 |     6 ||     8
 Stab: Sleeping          |     2 |       |       ||     2
       Distracted        |     1 |       |       ||     1
  Eat: Chunk             |       |    10 |     8 ||    18
       Pizza             |       |       |     2 ||     2
       Fruit             |       |       |     1 ||     1
Armor: Robe              |     7 |       |       ||     7
       Ring mail         |    10 |    18 |       ||    28
       Chain mail        |       |   164 |   228 ||   392
Dodge: Dodged            |    64 |   127 |   118 ||   309
